[Event "44th Chess Olympiad Women 2022"]
[Site "Chennai"]
[Date "2022.07.29"]
[Round "1.38"]
[White "Sharku, Enesa"]
[Black "Asgharzadeh, Mitra"]
[Result "0-1"]
[ECO "B72"]
[WhiteElo "1094"]
[BlackElo "1988"]
[Annotator "TA"]
[PlyCount "112"]
[EventDate "2022.07.29"]
[EventType "team-tourn"]
[EventCountry "IND"]
[SourceTitle "playchess.com"]
[Source "ChessBase"]
[SourceQuality "1"]
[WhiteTeam "Kosovo"]
[BlackTeam "Iran"]
[WhiteTeamCountry "KOS"]
[BlackTeamCountry "IRI"]
[TimeControl "40/5400+30:1800+30"]

1. e4 c5 2. Nf3 d6 3. d4 cxd4 4. Nxd4 Nf6 5. Nc3 g6 6. Be3 Bg7 7. Be2 O-O 8. Qd2 Nc6 9. Nb3 Ng4 {[%emt 0:02:03] B72: Sicilian Dragon: 6 Be3, lines with h3+Bc4 and sidelines.} 10. Bxg4 (10. Bg5 {seems wilder.} Qb6 11. O-O h6 12. Na4) 10... Bxg4 11. O-O {[%emt 0:04:49] [#]} Rc8 $146 (11... Ne5 $1 $15 {is more appropriate.}) ({Predecessor:} 11... Ne5 12. Bh6 Be6 13. Bxg7 Kxg7 14. Nd5 Rc8 15. Nd4 Bd7 16. b3 e6 17. Ne3 Bc6 18. f4 Nd7 {1-0 (46) Tusu,N (1880)-Perez Garcia,J (1950) Benidorm 2018}) 12. Bh6 $11 a6 13. Bxg7 Kxg7 14. a4 Ne5 15. h3 Bd7 16. f4 (16. Qd4 $11) 16... Nc4 $15 {[%emt 0:01:10][%csl LRb2,LRd2] Black converts the advantage convincingly.} 17. Qd4+ e5 18. fxe5 (18. Qf2 $17) 18... dxe5 $19 19. Qd3 Nxb2 20. Qf3 Be6 {[%emt 0:01:33] [#] ...Bxb3 is the strong threat.} 21. Rab1 Bxb3 22. Rxb2 Qd4+ 23. Qf2 $2 (23. Kh1 Rxc3 24. Qf6+ Kg8 25. Rxb3) 23... Qxf2+ ({Don't blunder} 23... Rxc3 $2 24. Rxb3 Rxb3 25. Qxd4 exd4 26. cxb3 $19) (23... Bc4 $142 24. Qxd4 exd4) 24. Rxf2 Rxc3 25. Rxb3 Rxb3 26. cxb3 {[%emt 0:00:09][%mdl 4096] Endgame KR-KR} Rd8 {[%emt 0:00:13] Inhibits Rd2.} 27. Rc2 Rd3 28. Rc5 Kf6 ({Not} 28... Rxb3 $2 29. Rxe5 Rb4 30. a5 $19) 29. b4 Rd4 30. b5 Rxa4 31. bxa6 bxa6 32. Kf2 a5 33. Kf3 Ra3+ 34. Ke2 a4 35. Rc6+ Kg5 36. Rc7 Ra2+ 37. Kf3 Ra1 38. Kg3 Kf6 {[%emt 0:03:32] And now ...a3 would win.} 39. Rc6+ Kg7 {[%emt 0:00:14] [#] Hoping for ...a3.} 40. Ra6 (40. Rc5 $142) 40... a3 41. Kg4 a2 {[%emt 0:30:17][%cal Of7f5] Threatens to win with ...f5+!} 42. h4 h5+ 43. Kg3 f5 44. Ra7+ Kf6 45. Ra6+ Ke7 46. exf5 gxf5 47. Ra7+ Kd6 48. Ra6+ Kc5 49. Ra5+ Kb4 50. Ra7 f4+ (50... Kb5 $142 51. Ra8 e4 52. Rb8+ Kc6) 51. Kf2 e4 {[%emt 0:00:06][%cal Be5e4,Be4e3][%mdl 32] Black mates.} 52. Rb7+ Kc5 53. Ra7 e3+ 54. Kf3 Rf1+ 55. Ke2 a1=Q 56. Rxa1 Rxa1 {[%emt 0:00:02] Weighted Error Value: White=0.48/Black=0.16 (very precise)} 0-1

[Event "44th Chess Olympiad Women 2022"]
[Site "Chennai"]
[Date "2022.07.29"]
[Round "1.39"]
[White "Mendoza, Shania Mae"]
[Black "Nacario, Ruth"]
[Result "1-0"]
[ECO "B07"]
[WhiteElo "2153"]
[BlackElo "1552"]
[Annotator "TA"]
[PlyCount "65"]
[EventDate "2022.07.29"]
[EventType "team-tourn"]
[EventCountry "IND"]
[SourceTitle "playchess.com"]
[Source "ChessBase"]
[SourceQuality "1"]
[WhiteTeam "Philippines"]
[BlackTeam "GUM"]
[WhiteTeamCountry "PHI"]
[TimeControl "40/5400+30:1800+30"]

1. e4 d6 2. d4 Nf6 3. Nc3 g6 4. h3 Bg7 5. Be3 c6 6. g4 h6 {[%emt 0:05:21] B07: Pirc Defence: Miscellaneous Systems.} (6... b5 $11 {keeps the balance.}) 7. Bg2 {[%emt 0:03:44] [#]} Qc7 $146 ({Predecessor:} 7... Nbd7 8. Nge2 Nb6 9. b3 d5 10. e5 Ng8 11. Ng3 e6 12. h4 Bd7 13. a4 a5 14. Nce2 {1-0 (36) Brandenburg,D (2530)-Dehn,M (2169) Groningen 2014}) 8. Nge2 Nbd7 {[%emt 0:04:11] White is slightly better.} 9. Qd2 e5 (9... b5 $14 {feels stronger.}) 10. f4 Nb6 (10... b5 $14) 11. b3 Bd7 (11... Nbd7 $16) 12. a4 a5 (12... Rd8 $16 13. O-O O-O 14. fxe5 dxe5 15. Bxh6 Nc8) 13. O-O O-O-O (13... Nh7 $16 {was called for.} 14. fxe5 dxe5) 14. Rab1 c5 $2 (14... Bxg4 15. hxg4 Nxg4) 15. dxc5 dxc5 16. Nd5 $2 (16. fxe5 $18 Qxe5 17. Bf4) 16... Nbxd5 $16 17. exd5 Ne8 18. fxe5 {[%emt 0:04:48] White is more active.} Bxe5 {[%emt 0:06:53] [#]} 19. Rxf7 (19. Nf4 $1 $16) 19... Nd6 $1 $11 20. Rf2 h5 21. g5 Rdf8 (21... Rhe8 $14) 22. Rbf1 Nf5 (22... Rxf2 $142 23. Rxf2 Bf5) 23. Bf4 $16 {[%emt 0:00:49][%cal Od5d6] d6! is the strong threat.} Re8 24. Bxe5 Qxe5 25. Qxa5 Ne3 {[%emt 0:03:54] [#]} 26. d6 $1 Qxd6 27. Rf6 $36 {[%emt 0:01:05][%mdl 2048] White has strong initiative. Really sharp!} ({But not} 27. Qa8+ $6 Qb8 28. Qxb8+ (28. Bxb7+ Kc7 $11) 28... Kxb8 $11) 27... Qe5 (27... Qb8 $16) 28. Qa8+ Kc7 29. Qxb7+ Kd8 30. Qb6+ $2 (30. Qa8+ $18 {and the rest is easy.} Kc7 31. Qb7+ Kd8 32. Qa8+ Kc7 33. Qb7+) 30... Kc8 $4 (30... Qc7 $16) 31. Bb7+ {[%emt 0:00:06] White mates.} Kb8 32. Ba6+ Ka8 33. Qb7# {[%emt 0:00:07] Weighted Error Value: White=0.74/Black=0.85} 1-0

[Event "44th Chess Olympiad Women 2022"]
[Site "Chennai"]
[Date "2022.07.29"]
[Round "1.39"]
[White "Ollet, Myra"]
[Black "Fronda, Jan Jodilyn"]
[Result "0-1"]
[ECO "D37"]
[WhiteElo "1480"]
[BlackElo "2181"]
[Annotator "TA"]
[PlyCount "54"]
[EventDate "2022.07.29"]
[EventType "team-tourn"]
[EventCountry "IND"]
[SourceTitle "playchess.com"]
[Source "ChessBase"]
[SourceQuality "1"]
[WhiteTeam "GUM"]
[BlackTeam "Philippines"]
[BlackTeamCountry "PHI"]
[TimeControl "40/5400+30:1800+30"]

1. d4 Nf6 2. c4 e6 3. Nc3 d5 4. c5 c6 5. Bf4 Nbd7 6. Nf3 Be7 7. h3 O-O 8. e3 Ne4 {[%emt 0:02:39] D37: Queen's Gambit Declined: 5 Bf4.} 9. Bd3 Nxc3 10. bxc3 b6 {[%emt 0:00:16] Black has an edge.} 11. cxb6 axb6 {[%emt 0:00:31] [#]} 12. O-O $146 (12. Qc2 $11 {should be considered.}) ({Predecessor:} 12. a4 Ba6 13. O-O Qc8 14. Qc2 Bxd3 15. Qxd3 Qa6 16. Qc2 Rfc8 17. Qb3 Ra7 18. Rfb1 {0-1 (30) Bauza,L-Pilnik,H Mar del Plata 1946}) 12... Ba6 $15 13. Re1 Bxd3 14. Qxd3 Ra3 15. Nd2 Qa8 16. Qc2 c5 17. Nf3 Rc8 18. Ne5 Nxe5 19. dxe5 (19. Bxe5 $17 {is a better defense.} f6 20. Bf4) 19... Qa5 $19 20. Rec1 Ra8 21. Qb2 g5 22. Bg3 Rxa2 23. Rxa2 Qxa2 24. Qxb6 h5 (24... Qd2 $142 25. Rb1 Qxc3) 25. f4 (25. h4 $17 {might work better.}) 25... Qd2 {[%emt 0:00:34] ( -> ...Ra2)} 26. Re1 $2 {[%emt 0:02:55] [#]} (26. Rf1 $17) 26... Ra2 27. Qb8+ Kg7 {[%emt 0:00:12] Weighted Error Value: White=0.49/Black=0.09 (flawless)} 0-1

[Event "44th Chess Olympiad Women 2022"]
[Site "Chennai"]
[Date "2022.07.29"]
[Round "1.39"]
[White "Estur, Grace Co"]
[Black "San Diego, Marie Antoinette"]
[Result "0-1"]
[ECO "D02"]
[WhiteElo "1472"]
[BlackElo "2101"]
[Annotator "TA"]
[PlyCount "58"]
[EventDate "2022.07.29"]
[EventType "team-tourn"]
[EventCountry "IND"]
[SourceTitle "playchess.com"]
[Source "ChessBase"]
[SourceQuality "1"]
[WhiteTeam "GUM"]
[BlackTeam "Philippines"]
[BlackTeamCountry "PHI"]
[TimeControl "40/5400+30:1800+30"]

1. d4 d5 2. g3 Nf6 3. Bg2 Bf5 4. Nf3 h6 5. O-O e6 6. c3 {[%emt 0:07:49] D02: 1 d4 d5 2 Nf3 sidelines, including 2...Nf6 3 g3 and 2...Nf6 3 Bf4.} (6. c4 $5) 6... Nbd7 7. Re1 Be7 8. Nbd2 {[%emt 0:04:05][%cal Bb1d2,Bd2f3,Bf3d4][%mdl 32] The position is equal.} O-O 9. Ne5 Nxe5 10. dxe5 {[%emt 0:16:39] [#]} Ng4 $146 ({Predecessor:} 10... Nd7 11. f4 c5 12. e4 dxe4 13. Bxe4 Bxe4 14. Nxe4 Qc7 15. Qe2 Rfd8 16. Be3 Nb6 {1-0 (34) Kucherenko,B-Emets,V Odessa 2007}) 11. Nf3 $1 Bc5 $36 {[%emt 0:08:46][%mdl 2048] Black is more active.} 12. Nd4 f6 13. e4 (13. e3 $11) 13... dxe4 $17 {[%emt 0:03:00] White is now going downhill.} 14. Bxe4 (14. exf6 $17 {keeps fighting.} Qxf6 15. Be3) 14... Nxf2 $19 ({But not} 14... fxe5 $2 15. Qe2) 15. Qh5 {[%emt 0:05:08] [#]} (15. Kxf2 fxe5 16. Kg2 exd4 17. Bxf5 Rxf5 18. Qb3) 15... Nxe4 16. Rxe4 Bxe4 17. Be3 Bxd4 18. cxd4 Qd5 19. Rc1 c6 {[%emt 0:02:58] [#] Strongly threatening ...Bf3.} 20. b3 Bf3 21. Qg6 Bh1 22. Rc2 {[%emt 0:00:35] Inhibits Qg2+.} Be4 23. Qg4 Bf5 24. Qh5 Bxc2 25. Bxh6 Qxd4+ {[%emt 0:00:25] Black mates.} 26. Kf1 fxe5+ 27. Kg2 Rf2+ 28. Kh3 Bf5+ 29. Qxf5 exf5 {[%emt 0:00:09] Weighted Error Value: White=1.51/Black=0.57} 0-1

[Event "44th Chess Olympiad Women 2022"]
[Site "Chennai"]
[Date "2022.07.29"]
[Round "1.40"]
[White "Campos, Maria Jose"]
[Black "Mpinganjira, Ellen"]
[Result "1-0"]
[ECO "A30"]
[WhiteElo "2185"]
[BlackElo "1334"]
[Annotator "TA"]
[PlyCount "73"]
[EventDate "2022.07.29"]
[EventType "team-tourn"]
[EventCountry "IND"]
[SourceTitle "playchess.com"]
[Source "ChessBase"]
[SourceQuality "1"]
[WhiteTeam "Argentina"]
[BlackTeam "MAW"]
[WhiteTeamCountry "ARG"]
[TimeControl "40/5400+30:1800+30"]

1. c4 c5 2. g3 d6 3. Bg2 Nf6 4. Nc3 e6 5. Nf3 Be7 6. O-O {[%emt 0:00:36] A30: Symmetrical English: Double Fianchetto and Hedgehog.} O-O 7. d4 cxd4 8. Nxd4 {[%emt 0:00:48] White is slightly better.} Nbd7 9. Qd2 Qc7 (9... Nb6 $14) 10. b3 a6 {[%emt 0:07:55] Prevents Ndb5.} 11. Rd1 {[%emt 0:06:12] [#]} Rb8 $146 ({Predecessor:} 11... Rd8 12. Ba3 Ne5 13. Rac1 Bd7 14. e3 Rac8 15. f4 Ng6 16. h3 Qb8 17. Kh2 b5 18. cxb5 axb5 {1-0 (37) Seyhanoglu,D (2086)-Demirag,B (1975) Konya 2018}) 12. Ba3 Rd8 13. Rac1 Nf8 14. Qb2 Ng6 15. Bb4 e5 ({Better is} 15... Ne5 $14) 16. Nc2 $16 b6 17. Ne3 Be6 18. Ncd5 Bxd5 19. cxd5 Qa7 20. Rc6 a5 21. Bd2 Ne8 22. Rdc1 (22. Nc4 $18) 22... h5 (22... Bg5 $16 {is a better defense.}) 23. Nf5 Bf6 24. Qc2 (24. e4 $18) 24... Ne7 25. Nxe7+ Bxe7 26. Be3 (26. e4 $18) 26... Nf6 27. Rc7 Rb7 28. Qc6 Rdb8 29. Rxb7 Rxb7 30. Qc8+ Kh7 31. Rc6 {[%emt 0:01:13] White is much more active.} Rb8 (31... g6 $16) 32. Rc7 $36 {[%emt 0:04:47][%mdl 2048] White is in control.} Rxc8 33. Rxa7 Bd8 34. Rxf7 {[%emt 0:00:38] Bh3 is the strong threat.} Bc7 $2 {[%emt 0:01:32] [#]} (34... Rc3 35. h3 Kg6) 35. Bh3 Kg8 (35... Ng4 $142 36. f3 Kg8) 36. Rxf6 ({Weaker is} 36. Bxc8 Kxf7 37. Be6+ Ke8 $16) 36... gxf6 37. Bxc8 {[%emt 0:00:11] Weighted Error Value: White=0.12 (very precise) /Black=0.24 (precise)} 1-0

[Event "44th Chess Olympiad Women 2022"]
[Site "Chennai"]
[Date "2022.07.29"]
[Round "1.40"]
[White "Sarquis, Maria Belen"]
[Black "Banda Tapiwa"]
[Result "1-0"]
[ECO "C44"]
[WhiteElo "2072"]
[BlackElo "1238"]
[Annotator "TA"]
[PlyCount "59"]
[EventDate "2022.07.29"]
[EventType "team-tourn"]
[EventCountry "IND"]
[SourceTitle "playchess.com"]
[Source "ChessBase"]
[SourceQuality "1"]
[WhiteTeam "Argentina"]
[BlackTeam "MAW"]
[WhiteTeamCountry "ARG"]
[TimeControl "40/5400+30:1800+30"]

1. e4 e5 2. Nf3 d6 3. d4 f6 4. Bc4 Nc6 5. c3 Na5 {[%emt 0:00:17] [#]} 6. Bd3 $146 {[%emt 0:10:23] White is more active. C44: Ponziani Opening and Scotch Gambit.} ({Predecessor:} 6. Qa4+ c6 7. Be2 b5 8. Qc2 d5 9. exd5 Qxd5 10. O-O Bd6 11. Be3 Bd7 12. b4 {1-0 (23) Fridich,V (984)-Cherry,B (653) LSS email 2014}) 6... a6 7. Qa4+ c6 8. b4 {[%emt 0:00:18][%cal Bb2b4,Bb4a5][%mdl 32] White is clearly better.} b5 $2 {[%emt 0:00:16][%mdl 8192] [#]} 9. Qxa5 $18 Qxa5 10. bxa5 Be7 11. Nbd2 Be6 12. O-O Bd8 13. Nb3 Bc4 14. Rd1 Ne7 15. Be3 Bc7 16. Bf1 d5 17. dxe5 Bxb3 18. axb3 dxe4 19. exf6 exf3 20. fxe7 Kxe7 21. Bc5+ Kf7 22. Rd7+ Ke6 23. Rxc7 {[%emt 0:00:20] [#] Re1+ would kill now.} g6 24. Rd1 Rad8 25. Rxc6+ Kf7 26. Rxd8 (26. Rc7+ $142 Kf6 27. Be7+ Kf5 28. Bxd8 Rxd8 29. Rxd8 Ke6 30. gxf3 g5 31. Bh3+ g4 32. Bxg4+ Ke5 33. Rf7 b4 34. f4+ Ke4 35. Rd4#) 26... Rxd8 27. Rd6 Rxd6 28. Bxd6 {[%emt 0:00:07] White mates.} Ke6 29. Bb4 Kd5 30. c4+ {[%emt 0:00:10] White took control after the opening.  Weighted Error Value: White=0.31/Black=0.97} 1-0

[Event "44th Chess Olympiad Women 2022"]
[Site "Chennai"]
[Date "2022.07.29"]
[Round "1.40"]
[White "Jambo, Linda"]
[Black "Borda Rodas, Anapaola S."]
[Result "0-1"]
[ECO "C78"]
[WhiteElo "1426"]
[BlackElo "2183"]
[Annotator "TA"]
[PlyCount "56"]
[EventDate "2022.07.29"]
[EventType "team-tourn"]
[EventCountry "IND"]
[SourceTitle "playchess.com"]
[Source "ChessBase"]
[SourceQuality "1"]
[WhiteTeam "MAW"]
[BlackTeam "Argentina"]
[BlackTeamCountry "ARG"]
[TimeControl "40/5400+30:1800+30"]

1. e4 e5 2. Nf3 Nc6 3. Bb5 a6 4. Ba4 Nf6 5. O-O b5 6. Bb3 Bc5 {[%emt 0:00:53] seems to push 6...Be7 aside.} 7. d3 d6 8. h3 h6 {[%emt 0:00:57] C78: Ruy Lopez: Archangelsk and Möller Defences.} 9. a3 O-O 10. Re1 {[%emt 0:00:29] [#]} Re8 $146 {[%emt 0:03:02][%cal Bf8e8,Be8e6,Be6d6,Bd6d1][%mdl 32] The position is equal.} ({Predecessor:} 10... Bb6 11. Nbd2 Ne7 12. Nf1 Ng6 13. Be3 Bxe3 14. Nxe3 Re8 15. c4 c6 16. Rc1 Bb7 {0-1 (32) Starup,L (1629)-Kyrkjebo,M (1833) Helsingor 2017}) 11. Be3 Be6 12. Bxe6 Rxe6 13. Bxc5 dxc5 14. c3 (14. Nbd2 $11) 14... Rd6 $15 15. Re3 c4 $36 {[%emt 0:01:12][%mdl 2048] Black has the initiative.} 16. d4 $2 {[%emt 0:01:49][%mdl 8192] [#] This move loses the game for White.} (16. a4 $15) 16... exd4 $19 17. cxd4 Nxd4 18. e5 Nxf3+ 19. Qxf3 Rd1+ 20. Kh2 Nh7 21. b3 $2 (21. a4 Rb8 22. axb5 Rxb5 23. Qc6) 21... Ng5 22. Qe2 Qd4 {[%emt 0:01:57] Against Qb2} 23. bxc4 Rd8 24. Qa2 Qf4+ 25. Rg3 Ne4 (25... Qc1 $142 26. Rb3 Rh1+ 27. Kg3 Qg1 28. f4 Rxh3+ 29. Kg4 Qd1+ 30. Rf3 Qd7+ 31. f5 Qd4+ 32. Rf4 {[#]} Qxf4+ $3 33. Kxf4 Rd4#) 26. cxb5 Nxg3 {[%emt 0:00:31] Black mates.} 27. fxg3 Qf1 28. g4 R8d3 {[%emt 0:00:19] Weighted Error Value: White=1.21/Black=0.32} 0-1

[Event "44th Chess Olympiad Women 2022"]
[Site "Chennai"]
[Date "2022.07.29"]
[Round "1.40"]
[White "Msukwa, Tupokiwe"]
[Black "Besso, Guadalupe"]
[Result "1/2-1/2"]
[ECO "D94"]
[WhiteElo "1369"]
[BlackElo "2059"]
[Annotator "TA"]
[PlyCount "62"]
[EventDate "2022.07.29"]
[EventType "team-tourn"]
[EventCountry "IND"]
[SourceTitle "playchess.com"]
[Source "ChessBase"]
[SourceQuality "1"]
[WhiteTeam "MAW"]
[BlackTeam "Argentina"]
[BlackTeamCountry "ARG"]
[TimeControl "40/5400+30:1800+30"]

1. d4 Nf6 2. c4 g6 3. Nc3 d5 4. Bf4 Bg7 5. Nf3 O-O 6. e3 c5 7. Be2 cxd4 8. exd4 Nc6 9. O-O Bg4 10. Be3 dxc4 11. Bxc4 Rc8 {[%emt 0:09:17] D94: Grünfeld: 4 Nf3 Bg7 5 e3.} 12. Be2 Nd5 13. h3 Bxf3 {[%emt 0:03:49] Black is slightly better.} 14. Bxf3 Nxe3 15. fxe3 {[%emt 0:00:09] [#]} Bh6 $146 ({Predecessor:} 15... e6 16. Qa4 a6 17. Rad1 Na5 18. Be2 b5 19. Qb4 Nc4 20. Bxc4 Rxc4 21. Qb3 Qc7 22. Ne4 Rc8 {½-½ (29) Seifert,J-Schirmer,M GER corr 1989}) 16. Qe2 Na5 17. Rfd1 Nc4 18. Rd3 Qd7 ({Black should play} 18... Nxe3 $15 19. Rxe3 Qxd4) 19. e4 $11 Rcd8 20. Nd5 Nb6 21. Nxb6 axb6 22. Rad1 Ra8 23. a3 Bf4 24. e5 Bh6 25. Qe4 Rab8 26. Qd5 {[%emt 0:01:33] White is more active.} (26. d5 $14) 26... Qxd5 27. Bxd5 Rfd8 28. Bf3 Bf4 29. Kf1 e6 30. Ke2 Rd7 31. Be4 Rbd8 {[%emt 0:00:36] Weighted Error Value: White=0.14 (very precise) /Black=0.15 (very precise)} 1/2-1/2

[Event "44th Chess Olympiad Women 2022"]
[Site "Chennai"]
[Date "2022.07.29"]
[Round "1.41"]
[White "Okuyaz, Duru"]
[Black "Marwa, Jadalla"]
[Result "1-0"]
[ECO "B36"]
[WhiteElo "2090"]
[BlackElo "1316"]
[Annotator "TA"]
[PlyCount "40"]
[EventDate "2022.07.29"]
[EventType "team-tourn"]
[EventCountry "IND"]
[SourceTitle "playchess.com"]
[Source "ChessBase"]
[SourceQuality "1"]
[WhiteTeam "Turkey"]
[BlackTeam "Sudan"]
[WhiteTeamCountry "TUR"]
[BlackTeamCountry "SUD"]
[TimeControl "40/5400+30:1800+30"]

1. e4 c5 2. Nf3 Nc6 3. d4 cxd4 4. Nxd4 g6 5. c4 Nf6 6. Nc3 Qb6 {[%emt 0:07:55] B36: Sicilian: Maroczy Bind: Gurgenidze System.} (6... Bg7 $14 {was preferrable.}) 7. Be3 Qa5 8. Nb3 Qd8 {[%emt 0:02:26] White is better.} 9. Be2 Bg7 10. O-O O-O {[%emt 0:00:09] [#]} 11. f3 $146 ({Predecessor:} 11. f4 d6 12. c5 Be6 13. cxd6 exd6 14. f5 Bxb3 15. axb3 Qe7 16. Bg5 Qe5 17. Ra4 {½-½ (33) Kappes,D-Dietrich,U GER email 2008}) 11... d6 12. Nd5 b6 13. Qd2 Re8 14. a4 (14. Nc3 $14) 14... Bb7 (14... Nd7 $11 {remains equal.}) 15. a5 $16 {[%emt 0:04:18] 0x0.0013bb753d6adp-1022s more active pieces. The black rooks are badly placed.} bxa5 16. Nxa5 (16. Nf4 {with more complications.} Nd7 17. Nxa5 Rb8 18. Rfb1) 16... Nxa5 17. Rxa5 Nxd5 18. cxd5 ({Of course not} 18. exd5 e6 $11) 18... a6 19. Rfa1 Qd7 20. Bxa6 (20. Bd4 $16) 20... Bxa6 {[%emt 0:00:00][%mdl 32768] Weighted Error Value: White=0.22 (precise) /Black=0.13 (very precise) . Loss on time!?} 1-0

[Event "44th Chess Olympiad Women 2022"]
[Site "Chennai"]
[Date "2022.07.29"]
[Round "1.41"]
[White "Ibtihal Mohammed"]
[Black "Aydin, Gulenay"]
[Result "0-1"]
[ECO "A05"]
[WhiteElo "1445"]
[BlackElo "2100"]
[Annotator "TA"]
[PlyCount "76"]
[EventDate "2022.07.29"]
[EventType "team-tourn"]
[EventCountry "IND"]
[SourceTitle "playchess.com"]
[Source "ChessBase"]
[SourceQuality "1"]
[WhiteTeam "Sudan"]
[BlackTeam "Turkey"]
[WhiteTeamCountry "SUD"]
[BlackTeamCountry "TUR"]
[TimeControl "40/5400+30:1800+30"]

1. e4 c5 2. Nf3 d6 3. g3 Nc6 4. Bg2 Nf6 5. d3 g6 6. O-O Bg7 7. Re1 O-O 8. Nbd2 Rb8 9. a4 a6 10. Nc4 {[%emt 0:25:07] A05: Réti Opening: 1 Nf3 Nf6.} b5 11. axb5 axb5 12. Ne3 {[%emt 0:00:08] [#] The position is equal.} Re8 $146 ({Predecessor:} 12... Ng4 13. Nxg4 Bxg4 14. h3 Bd7 15. h4 Bg4 16. c3 b4 17. Qc2 bxc3 18. bxc3 Qb6 {½-½ (40) Milov,V (2644)-Popovic,D (2474) Playchess.com INT 2005}) 13. h3 Bd7 14. Bd2 e5 15. Qc1 Rf8 16. g4 (16. Nd5 $11) 16... Nd4 (16... h5 $15) 17. Nh2 (17. Ra7 $11 {should be considered.}) 17... Bh6 18. Nhf1 (18. b4 $11 {remains equal.}) 18... Ne6 {[%emt 0:05:17] Black is more active.} (18... Bf4 $17) 19. Nd5 {[%emt 0:07:16] White is on the road to losing.} ({White should play} 19. Ng3 $15) 19... Bxd2 $17 20. Nxf6+ Qxf6 21. Qxd2 {[%emt 0:00:09] [#]} Nf4 $1 22. Ne3 Be6 23. Ra6 Rfd8 24. Kh2 Kg7 25. Rh1 (25. f3 $17 {was worth a try.}) 25... h5 $19 26. f3 Ra8 27. Rxa8 Rxa8 28. Nf1 (28. Qf2 {keeps fighting.}) 28... Qh4 29. Kg1 $2 (29. Ne3) 29... Ra1 {[%emt 0:00:45] [#] Strongly threatening ...Re1.} 30. Qf2 Qxf2+ 31. Kxf2 Ra2 32. Ne3 Rxb2 {[%emt 0:00:35] Hoping for ...b4.} 33. Ra1 Nxd3+ 34. Kg3 Nf4 35. Rd1 (35. Bf1 $142) 35... hxg4 {[%emt 0:00:14] Black is clearly winning.} 36. hxg4 Ne2+ 37. Kh2 Nd4 38. c3 Nxf3+ {[%emt 0:00:06] Weighted Error Value: White=0.55/Black=0.25 (precise)} 0-1

[Event "44th Chess Olympiad Women 2022"]
[Site "Chennai"]
[Date "2022.07.29"]
[Round "1.41"]
[White "Rayan Sedee Mohamed"]
[Black "Onur, Cigdem"]
[Result "0-1"]
[ECO "B40"]
[WhiteElo "1168"]
[BlackElo "2000"]
[Annotator "TA"]
[PlyCount "64"]
[EventDate "2022.07.29"]
[EventType "team-tourn"]
[EventCountry "IND"]
[SourceTitle "playchess.com"]
[Source "ChessBase"]
[SourceQuality "1"]
[WhiteTeam "Sudan"]
[BlackTeam "Turkey"]
[WhiteTeamCountry "SUD"]
[BlackTeamCountry "TUR"]
[TimeControl "40/5400+30:1800+30"]

1. e4 c5 2. Nf3 e6 3. g3 d5 4. exd5 exd5 5. Bg2 Nf6 6. d3 {[%emt 0:04:36] B40: Sicilian: 2...e6, Unusual lines.} Be7 7. O-O Nc6 8. c3 {[%emt 0:02:17] The position is equal.} Bg4 9. Re1 O-O 10. Nbd2 (10. Na3 $11 {might be stronger.}) 10... Re8 11. h3 Bh5 {[%emt 0:04:28] [#]} 12. Nf1 $146 ({Predecessor:} 12. Nb3 Qb6 13. Qc2 Nd7 14. Bf4 Bg6 15. Qd2 a5 16. Rad1 a4 17. Nc1 Bf6 18. g4 {1-0 (39) Hole,O (2260)-Thanke,B (2157) Norway 1999}) 12... d4 (12... h6 {is more complex.} 13. Bf4 g5 14. Be5 Nxe5 15. Rxe5 Qd7) 13. Qc2 dxc3 14. bxc3 Bg6 15. Rd1 c4 16. Qd2 {[%emt 0:06:43] [#]} (16. Qa4 $1 $15) 16... Bxd3 {[%emt 0:01:35] Threatens to win with ...Ne4.} 17. Ne1 Bxf1 {[%emt 0:01:07] 0x0.0013bb258817dp-1022s more active pieces.} ({Black should play} 17... Ne5 {Hoping for ...Bc5.} 18. Nxd3 cxd3) 18. Kxf1 $17 Qc7 19. Qc2 Rad8 20. Bf4 Bd6 21. Bxd6 Rxd6 22. Nf3 Rde6 (22... g6 $17 23. Rxd6 Qxd6) 23. Ng5 ({Better is} 23. Qa4 $15) 23... Re5 24. Nf3 R5e7 25. h4 (25. Nd4 $15) 25... h6 26. Nd4 Nxd4 27. cxd4 (27. Rxd4 $17 b5 28. a4) 27... c3 (27... b5 $19 {And now ...c3 would win.} 28. Qf5 a6) 28. Rab1 $2 (28. Rd3 $15) 28... Qc4+ 29. Kg1 Re2 30. Bf1 {[%emt 0:00:48] [#]} Qxa2 $2 (30... Rxc2 $2 {too greedy.} 31. Bxc4 Rd2 32. Rbc1 $19) (30... b5 $1 31. Rbc1 (31. Qd3 c2) 31... Rxc2 32. Bxc4 Rxc1 33. Rxc1 bxc4 34. Rxc3 Rc8) 31. Qxc3 Rxf2 {[%emt 0:00:19] Strongly threatening ...Ng4.} 32. Rd2 $2 (32. Qb3) 32... Qxd2 {[%emt 0:00:00] Weighted Error Value: White=0.77/Black=0.51} 0-1